AoeStats
← NDF

Arabia

508770867Analyzed
2v2 RM · 8d ago on Sep 24, 2026· 34m 35s· 4 players
Game mode
Random Map
Map size
Medium (4 player)
Population
200
Speed
Normal
Resources
Standard
Victory
Conquest
Starting age
Dark Age
Ending age
Imperial Age
RankedLock teamsTeams togetherTeam positionsShared explorationLock speedFull tech treeHidden civsTurbo modeCheats
Victory
Defeat
🇦🇷 Teutons · Argentina
687
+16
🇧🇷 Bohemians · Brazil
643
+32
🇮🇹 Celts · Italy
684
-17
🇵🇪 Inca · Peru
674
-16
SirPresident765
0:40 Loom
14:42 Feudal Age
18:14 Wheelbarrow
17:30 Double-Bit Axe
19:54 Town Watch
31:26 Castle Age
32:58 Hand Cart
Yuls37
Bruno Faquini
16:27 Feudal Age
17:09 Horse Collar
17:18 Double-Bit Axe
18:38 Wheelbarrow
17:49 Town Watch
17:50 Loom
21:44 Man-at-Arms
22:10 Arson
30:00 Padded Archer Armor
29:51 Fletching
30:11 Forging
30:02 Scale Mail Armor
30:07 Scale Barding Armor
32:07 Castle Age
33:14 Hand Cart
32:59 Town Patrol
33:03 Heavy Plow
33:22 Leather Archer Armor
33:02 Bodkin Arrow
33:42 Iron Casting
33:23 Chain Mail Armor
33:41 Bow Saw
NDF
3:08 Loom
15:08 Feudal Age
16:01 Man-at-Arms
26:57 Castle Age
25:30 Double-Bit Axe
25:28 Horse Collar
25:44 Gold Mining
26:55 Stone Mining
27:47 Fletching
27:57 Padded Archer Armor
31:24 Forging
31:10 Bodkin Arrow
32:17 Crossbowman
Connection lost

Rejoining the realm…

Still unreachable

The connection could not be restored.

Session expired

The server has moved on; the page needs a fresh start.